 Dungeon Crawl Stone Soup version 0.29-a0-330-g52719c12eb (webtiles) character file.

Game seed: 17933933490066356274

191 kae the Changer (level 5, -2/40 HPs)
             Began as a Draconian Transmuter on May 16, 2022.
             Slain by a centaur (4 damage)
             ... on level 3 of the Dungeon.
             The game lasted 00:02:33 (3047 turns).

kae the Changer (Draconian Transmuter)              Turns: 3047, Time: 00:02:33

Health: -2/40      AC:  2    Str: 13    XL:     5   Next: 42%
Magic:  6/9        EV: 19    Int: 15    God:
Gold:   48         SH:  0    Dex: 16    Spells: 3/9 levels left

rFire   . . .      SeeInvis .     - Unarmed
rCold   . . .      Faith    .   (shield currently unavailable)
rNeg    . . .      Spirit   .   (body armour unavailable)
rPois   x          Reflect  .   (helmet currently unavailable)
rElec   .          Harm     .   (cloak currently unavailable)
rCorr   .          Rampage  .   (gloves currently unavailable)
Will    .....                   (boots currently unavailable)
Stlth   +.........              (no amulet)
HPRegen 0.13/turn               (no ring)
MPRegen 0.11/turn               (no ring)

@: spider-form
A: venomous fangs, AC +5, tiny, unfitting armour, (cold-blooded)
a: End Transformation


You were on level 3 of the Dungeon.
You were a venomous arachnid creature.
You visited 1 branch of the dungeon, and saw 3 of its levels.

You collected 125 gold pieces.
You spent 77 gold pieces at shops.

Inventory:

Armour
 e - a +0 pair of gloves (melded)
Scrolls
 h - a scroll of amnesia {unknown}
 i - a scroll of magic mapping
Potions
 a - a potion of lignification
 b - 2 potions of curing
 c - a potion of might
 d - 3 potions of degeneration
 f - a potion of flight
 g - a potion of haste {unknown}
 j - 2 potions of resistance {unknown}


   Skills:
 - Level 1.1 Fighting
 - Level 1.7 Dodging
 + Level 3.9 Unarmed Combat
 + Level 2.9 Spellcasting
 * Level 4.0 Transmutations
 + Level 1.6 Poison Magic


You had 3 spell levels left.
You knew the following spells:

 Your Spells              Type           Power      Damage    Failure   Level
a - Beastly Appendage     Tmut           28%        N/A       12%         1
b - Wereblood             Tmut           14%        N/A       17%         2
c - Spider Form           Tmut/Pois      10%        N/A       38%         3

Your spell library contained the following spells:

 Spells                   Type           Power      Damage    Failure   Level
 Passwall                 Tmut/Erth      6%         N/A       30%         2
 Sandblast                Erth           4%         2d4       41%         1
 Gell's Gravitas          Tloc           2%         N/A       73%         3
 Stone Arrow              Conj/Erth      4%         3d7       73%         3
 Teleport Other           Tloc           2%         N/A       73%         3
 Ice Form                 Ice/Tmut       8%         N/A       83%         4
 Animate Dead             Necr           1%         N/A       97%         4
 Dispersal                Tloc           1%         N/A       100%        6
 Haunt                    Necr/Summ      1%         N/A       100%        7
 Infestation              Necr           1%         N/A       100%        8


Dungeon Overview and Level Annotations

Branches:
Dungeon (3/15)

Altars:

Shops:
D:1 :   D:3 !

Annotations:
D:3 3 runed translucent doors, eyesofgods1's ghost, amateur OpFi


Innate Abilities, Weirdness & Mutations

You are a venomous arachnid creature.
You have poisonous fangs.
You are tiny and dextrous.
Your spellcasting is less reliable in this form.
Your armour is entirely melded.
You are incapable of wielding weapons or throwing items.
((Your plain brown scales are hard. (AC +5)))
You cannot fit into any form of body armour.
((You are cold-blooded and may be slowed by cold attacks.))


Message History

The arrow hits you!
A centaur is nearby!
A centaur is nearby!
Casting: Beastly Appendage (safe; 3% risk of failure)
Confirm with . or Enter, or press ? or * to list all spells.
You don't know that spell.
A centaur is nearby!
Casting: Beastly Appendage (safe; 3% risk of failure)
Confirm with . or Enter, or press ? or * to list all spells.
The spell is quite dangerous to miscast (19% risk of failure)!
Continue anyway? [Y]es or [N]o only, please.
The spell is quite dangerous to miscast (19% risk of failure)!
Continue anyway?
You turn into a venomous arachnid creature.
Your +0 pair of gloves melds into your body.
The centaur shoots an arrow.
The arrow hits you.
The centaur unwields a +0 shortbow.
The centaur hits you. The centaur closely misses you.
The centaur closely misses you. The centaur completely misses you.
The centaur hits you. The centaur completely misses you.
You barely miss the centaur. The centaur hits you.
* * * LOW HITPOINT WARNING * * *
The centaur closely misses you.
You hit the centaur but do no damage.
The centaur is poisoned.
The centaur hits you.
* * * LOW HITPOINT WARNING * * *
The centaur barely misses you.
You hit the centaur.
The centaur is moderately wounded.
The centaur closely misses you. The centaur kicks you.
* * * LOW HITPOINT WARNING * * *
The centaur hits you.
* * * LOW HITPOINT WARNING * * *
The centaur completely misses you.
You hit the centaur.
The centaur looks as sick as possible!
The centaur is moderately wounded.
The centaur misses you. The centaur completely misses you.
You hit the centaur.
The centaur looks as sick as possible!
The centaur is severely wounded.
The centaur hits you.
You die...

#.####'## #.# ##†...##
####..##...# #.# #....#
...........# #.# #....#
...........# #.# ####....##
...........# #.# .........#
...........#####.############.##
...........................##.#
..........######.#............#
...............cs#.#######.#..#
..........##.....#.#....##.#..#
....##.###.#.#.##.##.#..##
...##.# #.#.#.##........#
#..##.# #.#.#.....#.#.###
#..##.# #.#.####..#.#.#
#..##.###.#.#####.#.#.#
#.).#.....#.........#
########...#'###########.###.###


You could see a centaur (extremely poisoned).

Vanquished Creatures
  A sky beast (D:3)
  A jelly (D:2)
  2 adders (D:2)
  A dart slug (D:1)
  3 bats
  3 endoplasms
  3 giant cockroaches
  6 goblins
  5 hobgoblins
  8 jackals
  2 kobolds
  2 quokkas (D:2)
  2 ball pythons
  3 frilled lizards
  A rat (D:1)
43 creatures vanquished.

Notes
Turn   | Place    | Note
-------+----------+-------------------------------------------
     0 | D:1      | kae the Draconian Transmuter began the quest for the Orb.
     0 | D:1      | Reached XP level 1. HP: 16/16 MP: 3/3
   154 | D:1      | Found Nietot's Book Emporium.
   182 | D:1      | Reached XP level 2. HP: 17/23 MP: 3/5
   190 | D:1      | Learned a level 2 spell: Wereblood
   702 | D:1      | Found a faded altar of an unknown god.
  1073 | D:2      | Reached XP level 3. HP: 10/28 MP: 4/6
  1312 | D:2      | Learned a level 3 spell: Spider Form
  1402 | D:2      | Reached skill level 3 in Transmutations
  1732 | D:2      | Reached XP level 4. HP: 32/35 MP: 7/7
  2271 | D:3      | Noticed a centaur
  2302 | D:2      | Reached skill level 1 in Poison Magic
  2421 | D:3      | Noticed a sky beast
  2431 | D:3      | Killed a sky beast
  2432 | D:3      | Reached skill level 4 in Transmutations
  2432 | D:3      | Reached XP level 5. HP: 18/40 MP: 4/9
  2737 | D:3      | Found a runed translucent gate.
  2737 | D:3      | Found a runed translucent gate.
  2737 | D:3      | Found a runed translucent gate.
  2738 | D:3      | Noticed eyesofgods1's ghost (amateur OpFi)
  2746 | D:3      | Found Culiz's Distillery.
  2752 | D:3      | Bought a potion of curing for 33 gold pieces
  2752 | D:3      | Bought a potion of degeneration for 11 gold pieces
  2752 | D:3      | Bought a potion of flight for 33 gold pieces
  3045 | D:3      | HP: 2/40 [centaur (4)]
  3047 | D:3      | Slain by a centaur

Illustrated notes

Levels and vault maps discovered:
D:1:      minmay_arrival_diagonal_passages, layout_basic, serial_shops, shop,
          shapermc_ecumenical_altar_venn
D:2:      layout_rooms
D:3:      layout_basic, serial_shops, nicolae_shop_statue_plus,
          gammafunk_ghost_necromancy, uniq_ijyb

Skill      XL: |  1  2  3  4 |
---------------+-------------+-----
Transmutations | 3 4 |  4.0
Poison Magic   | 1 |  1.6
Fighting       | |  1.1
Dodging        | |  1.7
Unarmed Combat | |  3.9
Spellcasting   | |  2.9

Action                   |  1- 3 |  4- 6 || total
-------------------------+-------+-------++-------
Melee: Unarmed           |    66 |    63 ||   129
       Kick              |    13 |     9 ||    22
       Headbutt          |     5 |     7 ||    12
       Tailslap          |     4 |     5 ||     9
 Cast: Beastly Appendage |    13 |    13 ||    26
       Spider Form       |       |     2 ||     2
  Use: Scroll            |     1 |     5 ||     6
       Potion            |       |     2 ||     2
Armor: Skin              |    24 |    21 ||    45
Dodge: Dodged            |    58 |    49 ||   107

Table legend: (Time is in decaauts)
 A = Elapsed time spent in this place.
 B = Non-inter-level travel time spent in this place.
 C = Inter-level travel time spent in this place.
 D = Time resting spent in this place.
 E = Time spent auto-exploring this place.
 F = Levels seen in this place.
 G = Mean time per level.
                   A        B        C        D        E       F      G
               +--------+--------+--------+--------+--------+-----+--------+
         Total |   3045 |   2960 |     85 |     88 |   2486 |   3 | 1015.0 |
       Dungeon |   3045 |   2960 |     85 |     88 |   2486 |   3 | 1015.0 |
               +--------+--------+--------+--------+--------+-----+--------+

Top non-repeatable levels by time:
     D:1: 1318 daAuts
     D:2: 885 daAuts
     D:3: 840 daAuts
